3AA
RICHLAND RAILS @ MARQUETTE MINERS
08/25/2038
 
TOP OF THE 1ST
Richland Rails batting - Pitching for Marquette Miners : RHP Greg Borges
Pitching: RHP Greg Borges
Batting: LHB Júlio Solís 0-0: Foul Ball, location: 2F
0-1: Ball
1-1: Ball
2-1: Ball
3-1: DOUBLE (Flyball, 7LD, EV 95.6 MPH)
Batting: LHB Glenn Lockhart 0-0: Ground out 4-3 (Groundball, 4, EV 93.1 MPH)
Júlio Solís to third
Batting: SHB Fa-hsien Tze 0-0: Ball
1-0: Called Strike
1-1: Ball
2-1: Called Strike
2-2: Foul Ball, location: 2F
2-2: Ball
3-2: Foul Ball, location: 2F
3-2: Base on Balls
Batting: RHB Falco Opsteegh 0-0: Ground out 5-3 (Groundball, 56, EV 86.9 MPH)
Júlio Solís scores
Fa-hsien Tze to second
Batting: LHB Antoine Studdard 0-0: Called Strike
0-1: Fly out, F3 (Popup, 3, EV 55.6 MPH)
Top of the 1st over - 1 run, 1 hit, 0 errors, 1 left on base; Richland 1 - Marquette 0
BOTTOM OF THE 1ST
Marquette Miners batting - Pitching for Richland Rails : RHP Hirohisa Niiya
Pitching: RHP Hirohisa Niiya
Batting: RHB Jesús Méndez 0-0: Foul Ball, location: 2F
0-1: Swinging Strike
0-2: Ball
1-2: Foul Ball, location: 2F
1-2: Foul Ball, location: 2F
1-2: Fly out, F9 (Flyball, 9, EV 86.9 MPH)
Batting: SHB Reginald Gibson 0-0: Called Strike
0-1: Fly out, F7 (Flyball, 7LM, EV 91.9 MPH)
Batting: RHB Jorge Japón 0-0: Ball
1-0: Called Strike
1-1: Swinging Strike
1-2: Foul Ball, location: 2F
1-2: Fly out, F8 (Line Drive, 8RD, EV 103.8 MPH)
Bottom of the 1st over - 0 runs, 0 hits, 0 errors, 0 left on base; Richland 1 - Marquette 0
TOP OF THE 2ND
Richland Rails batting - Pitching for Marquette Miners : RHP Greg Borges
Batting: RHB Emerson Horton 0-0: SINGLE (Groundball, 56S, EV 75.0 MPH) (infield hit)
Pinch Runner at 1st Alje de Gast:
Batting: RHB Kel Warren 0-0: Ball
1-0: SINGLE (Line Drive, 4D, EV 98.8 MPH)
Alje de Gast to second
Runner from 2nd tries for 3rd, SAFE, no throw by RF
Batting: RHB Corey Hines 0-0: Ball
1-0: Foul Ball, location: 2F
1-1: Foul Ball, location: 2F
1-2: Foul Ball, location: 2F
1-2: Foul Ball, location: 2F
1-2: Ball
2-2: Strikes out swinging
Batting: RHB Hsui-chuan Hong 0-0: SINGLE (Groundball, 34, EV 98.8 MPH) (infield hit)
Alje de Gast scores
Kel Warren to second
Batting: LHB Júlio Solís 0-0: Ball
1-0: Ball
2-0: Ground out 4-3 (Groundball, 34D, EV 107.5 MPH)
Kel Warren to third
Hsui-chuan Hong to second
Batting: LHB Glenn Lockhart 0-0: Called Strike
0-1: Ball
1-1: Called Strike
1-2: Foul Ball, location: 2F
1-2: Ball
2-2: Ball
3-2: Foul Ball, location: 2F
3-2: Base on Balls
Batting: SHB Fa-hsien Tze 0-0: Fielders Choice at 2nd, 6-4 (Groundball, 6, EV 92.5 MPH)
Top of the 2nd over - 1 run, 3 hits, 0 errors, 3 left on base; Richland 2 - Marquette 0
BOTTOM OF THE 2ND
Marquette Miners batting - Pitching for Richland Rails : RHP Hirohisa Niiya
Batting: SHB Ángel García 0-0: Ball
1-0: Foul Ball, location: 2F
1-1: SINGLE (Line Drive, 4D, EV 94.4 MPH)
Batting: RHB Miguel Montés 0-0: Ball
1-0: Called Strike
1-1: Ball
2-1: Foul Ball, location: 2F
2-2: Ball
3-2: 2-RUN HOME RUN (Flyball, 8LXD, EV 90.6 MPH), Distance : 467 ft
Batting: LHB Snow Wang 0-0: Ball
1-0: Swinging Strike
1-1: Ball
2-1: Ball
3-1: Fly out, F7 (Flyball, 7LD, EV 107.5 MPH)
Batting: RHB Man-su Chong 0-0: Called Strike
0-1: Foul Ball, location: 2F
0-2: Ball
1-2: Ball
2-2: Strikes out looking
Batting: SHB Carl Saunders 0-0: Called Strike
0-1: Fly out, F9 (Flyball, 89S, EV 75.0 MPH)
Bottom of the 2nd over - 2 runs, 2 hits, 0 errors, 0 left on base; Richland 2 - Marquette 2
TOP OF THE 3RD
Richland Rails batting - Pitching for Marquette Miners : RHP Greg Borges
Batting: RHB Falco Opsteegh 0-0: Called Strike
0-1: Swinging Strike
0-2: Strikes out swinging
Batting: LHB Antoine Studdard 0-0: Foul Ball, location: 2F
0-1: Ball
1-1: Ball
2-1: SINGLE (Line Drive, 4D, EV 98.1 MPH)
Batting: LHB Alje de Gast 0-0: Called Strike
0-1: Called Strike
0-2: Ball
1-2: Strikes out looking
Batting: RHB Kel Warren 0-0: Foul Ball, location: 2F
0-1: Ball
1-1: DOUBLE (Line Drive, 7LS, EV 96.9 MPH)
Antoine Studdard to third
Runner from 3rd tries for Home, SAFE, no throw by LF
Batting: RHB Corey Hines 0-0: Swinging Strike
0-1: Swinging Strike
0-2: Ball
1-2: Foul Ball, location: 2F
1-2: Ball
2-2: Strikes out swinging
Top of the 3rd over - 1 run, 2 hits, 0 errors, 1 left on base; Richland 3 - Marquette 2
BOTTOM OF THE 3RD
Marquette Miners batting - Pitching for Richland Rails : RHP Hirohisa Niiya
Batting: RHB Luis Marín 0-0: Ball
1-0: Ball
2-0: Ball
3-0: Called Strike
3-1: Called Strike
3-2: Foul Ball, location: 2F
3-2: Foul Ball, location: 2F
3-2: Foul Ball, location: 2F
3-2: Foul Ball, location: 2F
3-2: Foul Ball, location: 2F
3-2: Foul Ball, location: 2F
3-2: Base on Balls
Batting: RHB Jesús Méndez 0-0: Ball
1-0: Swinging Strike
1-1: Ball
2-1: SINGLE (Line Drive, 56, EV 97.5 MPH)
Luis Marín to second
Batting: SHB Reginald Gibson 0-0: Ball
1-0: Called Strike
1-1: Ball
2-1: Foul Ball, location: 2F
2-2: Grounds into double play, 4-6-3 (Groundball, 4, EV 99.4 MPH)
Luis Marín to third
Batting: RHB Jorge Japón 0-0: Ball
1-0: Called Strike
1-1: Ball
2-1: Foul Ball, location: 2F
2-2: Ground out 5-3 (Groundball, 56S, EV 86.9 MPH)
Bottom of the 3rd over - 0 runs, 1 hit, 0 errors, 1 left on base; Richland 3 - Marquette 2
TOP OF THE 4TH
Richland Rails batting - Pitching for Marquette Miners : RHP Greg Borges
Batting: RHB Hsui-chuan Hong 0-0: Ball
1-0: Ball
2-0: Bunt missed!
2-1: Ball
3-1: Swinging Strike
3-2: Base on Balls
Batting: LHB Júlio Solís 0-0: Ball
1-0: Foul Ball, location: 2F
1-1: Called Strike
1-2: Foul Ball, location: 2F
1-2: 2-RUN HOME RUN (Line Drive, 9LD, EV 110.6 MPH), Distance : 355 ft
Batting: LHB Glenn Lockhart 0-0: Ball
1-0: Swinging Strike
1-1: SINGLE (Line Drive, 56D, EV 103.1 MPH)
Batting: SHB Fa-hsien Tze 0-0: Ball
1-0: DOUBLE (Line Drive, 9LM, EV 96.9 MPH)
Glenn Lockhart to third
Batting: RHB Falco Opsteegh 0-0: Ball
1-0: Ball
2-0: Called Strike
2-1: Foul Ball, location: 2F
2-2: Ball
3-2: Foul Ball, location: 2F
3-2: Fly out, F9 (Flyball, 9S, EV 91.9 MPH)
Batting: LHB Antoine Studdard 0-0: Ball
1-0: Called Strike
1-1: Ground out U3 (Groundball, 34, EV 85.0 MPH)
Glenn Lockhart scores
Fa-hsien Tze to third
Batting: LHB Alje de Gast 0-0: Called Strike
0-1: Ground out 4-3 (Groundball, 4, EV 91.2 MPH)
Top of the 4th over - 3 runs, 3 hits, 0 errors, 1 left on base; Richland 6 - Marquette 2
BOTTOM OF THE 4TH
Marquette Miners batting - Pitching for Richland Rails : RHP Hirohisa Niiya
Batting: SHB Ángel García 0-0: Called Strike
0-1: Swinging Strike
0-2: Ball
1-2: Foul Ball, location: 2F
1-2: Ball
2-2: Ball
3-2: Foul Ball, location: 2F
3-2: Base on Balls
Batting: RHB Miguel Montés 0-0: Ball
1-0: Swinging Strike
1-1: Fly out, F9 (Flyball, 9, EV 93.1 MPH)
Batting: LHB Snow Wang Pickoff Throw to First - Out! 1-3
0-0: Ball
1-0: Ball
2-0: Called Strike
2-1: Ball
3-1: Fly out, F6 (Popup, 6, EV 57.5 MPH)
Bottom of the 4th over - 0 runs, 0 hits, 0 errors, 0 left on base; Richland 6 - Marquette 2
TOP OF THE 5TH
Richland Rails batting - Pitching for Marquette Miners : RHP Greg Borges
Batting: RHB Kel Warren 0-0: Ball
1-0: Ground out 6-3 (Groundball, 6M, EV 79.4 MPH)
Batting: RHB Corey Hines 0-0: Ball
1-0: Foul Ball, location: 2F
1-1: Ball
2-1: Reached on error, E4 (Groundball, 4M, EV 83.1 MPH)
Batting: RHB Hsui-chuan Hong 0-0: Ball
1-0: Swinging Strike
1-1: Ball
2-1: Fielders Choice at 2nd, 6-4 (Groundball, 6, EV 90.0 MPH)
Batting: LHB Júlio Solís 0-0: Ball
1-0: Foul Ball, location: 2F
1-1: Fly out, F3 (Popup, 23F, EV 89.4 MPH)
Top of the 5th over - 0 runs, 0 hits, 1 error, 1 left on base; Richland 6 - Marquette 2
BOTTOM OF THE 5TH
Marquette Miners batting - Pitching for Richland Rails : RHP Hirohisa Niiya
Batting: RHB Man-su Chong 0-0: Called Strike
0-1: Fly out, F3 (Popup, 3F, EV 71.9 MPH)
Batting: SHB Carl Saunders 0-0: Ball
1-0: Ball
2-0: Fly out, F9 (Flyball, 9, EV 90.0 MPH)
Batting: RHB Luis Marín 0-0: DOUBLE (Groundball, 5L, EV 108.1 MPH)
Batting: RHB Jesús Méndez 0-0: Ball
1-0: Ball
2-0: Ball
3-0: Called Strike
3-1: Base on Balls
Batting: SHB Reginald Gibson 0-0: Foul Ball, location: 2F
0-1: SINGLE (Flyball, 4D, EV 90.6 MPH)
Luis Marín to third
Jesús Méndez to second
Runner from 3rd tries for Home, SAFE, no throw by CF
Batting: RHB Jorge Japón 0-0: SINGLE (Groundball, 5D, EV 102.5 MPH)
Jesús Méndez to third
Reginald Gibson to second
Runner from 3rd tries for Home, SAFE, throw by LF to home
Batting: SHB Ángel García 0-0: Ball
Wild Pitch!
Reginald Gibson to third
Jorge Japón to second
1-0: Ball
2-0: Ball
3-0: Called Strike
3-1: Base on Balls
Batting: RHB Miguel Montés 0-0: Called Strike
0-1: Ground out 1-3 (Groundball, 23, EV 70.0 MPH)
Bottom of the 5th over - 2 runs, 3 hits, 0 errors, 3 left on base; Richland 6 - Marquette 4
TOP OF THE 6TH
Richland Rails batting - Pitching for Marquette Miners : RHP Greg Borges
Pitching: RHP Nate Jones
Batting: LHB Glenn Lockhart 0-0: Called Strike
0-1: Foul Ball, location: 2F
0-2: Foul Ball, location: 2F
0-2: Hit by Pitch
Batting: SHB Fa-hsien Tze 0-0: Ball
1-0: Swinging Strike
1-1: Ball
2-1: SINGLE (Line Drive, 5L, EV 105.0 MPH)
Glenn Lockhart to second
Batting: RHB Falco Opsteegh 0-0: Ball
1-0: Ball
2-0: Ball
3-0: Called Strike
3-1: Fly out, F9 (Flyball, 9S, EV 86.2 MPH)
Batting: LHB Antoine Studdard 0-0: Called Strike
0-1: Ball
1-1: Swinging Strike
1-2: SINGLE (Groundball, 4D, EV 110.6 MPH)
Glenn Lockhart to third
Fa-hsien Tze to second
Runner from 3rd tries for Home, SAFE, no throw by CF
Pitching: RHP Freddy Martínez
Batting: LHB Alje de Gast 0-0: Ball
1-0: Ball
2-0: SINGLE (Groundball, 6MD, EV 100.6 MPH)
Fa-hsien Tze to third
Antoine Studdard to second
Runner from 3rd tries for Home, SAFE, no throw by CF
Batting: RHB Kel Warren 0-0: Ball
1-0: Foul Ball, location: 2F
1-1: Ball
2-1: Foul Ball, location: 2F
2-2: Foul Ball, location: 2F
2-2: Foul Ball, location: 2F
2-2: Ball
3-2: Base on Balls
Antoine Studdard to third
Alje de Gast to second
Batting: RHB Corey Hines 0-0: Grounds into fielders choice 2-2 (Groundball, 2R, EV 72.5 MPH)
Alje de Gast to third
Kel Warren to second
Batting: RHB Hsui-chuan Hong 0-0: Called Strike
0-1: Ball
1-1: Foul Ball, location: 2F
1-2: Ball
2-2: Strikes out swinging
Top of the 6th over - 2 runs, 3 hits, 0 errors, 3 left on base; Richland 8 - Marquette 4
BOTTOM OF THE 6TH
Marquette Miners batting - Pitching for Richland Rails : RHP Hirohisa Niiya
Pitching: LHP Weon Kim
Batting: LHB Snow Wang 0-0: Fly out, F5 (Popup, 5SF, EV 81.9 MPH)
Batting: RHB Man-su Chong 0-0: Ball
1-0: Called Strike
1-1: Called Strike
1-2: Ball
2-2: Strikes out swinging
Batting: SHB Carl Saunders 0-0: Ball
1-0: Foul Ball, location: 2F
1-1: Ball
2-1: Ball
3-1: Swinging Strike
3-2: Strikes out swinging
Bottom of the 6th over - 0 runs, 0 hits, 0 errors, 0 left on base; Richland 8 - Marquette 4
TOP OF THE 7TH
Richland Rails batting - Pitching for Marquette Miners : RHP Freddy Martínez
Batting: LHB Júlio Solís 0-0: Ball
1-0: Ball
2-0: Ground out 4-3 (Groundball, 34, EV 99.4 MPH)
Batting: LHB Glenn Lockhart 0-0: SINGLE (Flyball, 8LS, EV 91.9 MPH)
Batting: SHB Fa-hsien Tze 0-0: DOUBLE (Flyball, 8LD, EV 96.2 MPH)
Glenn Lockhart to third
Batting: RHB Falco Opsteegh 0-0: Swinging Strike
0-1: Ball
1-1: Fly out, F8 (Flyball, 8LD, EV 100.0 MPH)
Runner from 3rd tags up, SCORES, throw by CF
Batting: LHB Antoine Studdard 0-0: Called Strike
0-1: Swinging Strike
0-2: Foul Ball, location: 2F
0-2: Foul Ball, location: 2F
0-2: Ball
1-2: Ball
2-2: Ground out 1-3 (Groundball, 13, EV 68.8 MPH)
Top of the 7th over - 1 run, 2 hits, 0 errors, 1 left on base; Richland 9 - Marquette 4
BOTTOM OF THE 7TH
Marquette Miners batting - Pitching for Richland Rails : LHP Weon Kim
Batting: RHB Luis Marín 0-0: Ball
1-0: Swinging Strike
1-1: Called Strike
1-2: Ball
2-2: Ball
3-2: SINGLE (Line Drive, 6D, EV 96.9 MPH)
Pitching: LHP Jamie Martin
Batting: RHB Jesús Méndez 0-0: Ball
1-0: Ball
2-0: Called Strike
2-1: Swinging Strike
2-2: Foul Ball, location: 2F
2-2: Strikes out swinging
Batting: SHB Reginald Gibson 0-0: Ball
1-0: Ball
2-0: Foul Ball, location: 2F
2-1: Swinging Strike
2-2: Strikes out swinging
Batting: RHB Jorge Japón 0-0: Called Strike
0-1: Ball
1-1: Ball
2-1: Foul Ball, location: 2F
2-2: Foul Ball, location: 2F
2-2: Fly out, F4 (Popup, 4S, EV 83.8 MPH)
Bottom of the 7th over - 0 runs, 1 hit, 0 errors, 1 left on base; Richland 9 - Marquette 4
TOP OF THE 8TH
Richland Rails batting - Pitching for Marquette Miners : RHP Freddy Martínez
Batting: LHB Alje de Gast 0-0: Foul Ball, location: 2F
0-1: Hit by Pitch
Pinch Runner at 1st José Vargas:
Batting: RHB Kel Warren 0-0: Ball
1-0: Foul Ball, location: 2F
1-1: Reached on error, E4 (Groundball, 4, EV 85.0 MPH)
José Vargas to second
Batting: RHB Corey Hines 0-0: Called Strike
0-1: Sac Bunt to 2R - play at first, batter OUT! 2-3
José Vargas to third
Kel Warren to second
Batting: RHB Hsui-chuan Hong 0-0: Called Strike
0-1: Swinging Strike
0-2: Foul Ball, location: 2F
0-2: Ball
1-2: Foul Ball, location: 2F
1-2: Fly out, F5 (Popup, 56, EV 72.5 MPH)
Batting: LHB Júlio Solís Balk!
José Vargas scores
Kel Warren to third
0-0: Called Strike
0-1: Foul Ball, location: 2F
0-2: Ball
1-2: Foul Ball, location: 2F
1-2: Foul Ball, location: 2F
1-2: Ball
2-2: Ground out 1-3 (Groundball, 15S, EV 73.1 MPH)
Top of the 8th over - 1 run, 0 hits, 1 error, 1 left on base; Richland 10 - Marquette 4
BOTTOM OF THE 8TH
Marquette Miners batting - Pitching for Richland Rails : LHP Jamie Martin
Batting: SHB Ángel García 0-0: Called Strike
0-1: Fly out, F8 (Line Drive, 8LD, EV 95.0 MPH)
Pitching: RHP Jim Perry
Batting: RHB Miguel Montés 0-0: Ball
1-0: Fly out, F8 (Flyball, 8RM, EV 81.9 MPH)
Batting: LHB Snow Wang 0-0: Ball
1-0: Fly out, F6 (Popup, 6M, EV 58.1 MPH)
Bottom of the 8th over - 0 runs, 0 hits, 0 errors, 0 left on base; Richland 10 - Marquette 4
TOP OF THE 9TH
Richland Rails batting - Pitching for Marquette Miners : RHP Freddy Martínez
Batting: LHB Glenn Lockhart 0-0: Ball
1-0: Fly out, F7 (Flyball, 78D, EV 88.8 MPH)
Batting: SHB Fa-hsien Tze 0-0: Ball
1-0: Ball
2-0: Ground out U3 (Groundball, 34, EV 84.4 MPH)
Batting: RHB Falco Opsteegh 0-0: Called Strike
0-1: Fly out, F8 (Flyball, 8RM, EV 91.2 MPH)
Top of the 9th over - 0 runs, 0 hits, 0 errors, 0 left on base; Richland 10 - Marquette 4
BOTTOM OF THE 9TH
Marquette Miners batting - Pitching for Richland Rails : RHP Jim Perry
Batting: RHB Man-su Chong 0-0: Fly out, F3 (Popup, 3SF, EV 71.9 MPH)
Batting: SHB Carl Saunders 0-0: Ball
1-0: Swinging Strike
1-1: Foul Ball, location: 2F
1-2: Ball
2-2: Ground out 6-3 (Groundball, 6, EV 84.4 MPH)
Batting: RHB Luis Marín 0-0: Ball
1-0: Foul Ball, location: 2F
1-1: SINGLE (Line Drive, 8LS, EV 89.4 MPH)
Batting: RHB Jesús Méndez 0-0: Fly out, F9 (Flyball, 9LS, EV 85.6 MPH)
Bottom of the 9th over - 0 runs, 1 hit, 0 errors, 1 left on base; Richland 10 - Marquette 4
Friday, April 17th, 2020 - OOTP Baseball 20.8 Build 74